[Event "11th LCC Super Blitz 2019"]
[Site "London"]
[Date "2019.12.08"]
[Round "2.7"]
[White "Phillips, David"]
[Black "Stoyanov, Viktor"]
[Result "1/2-1/2"]
[ECO "B24"]
[WhiteElo "1810"]
[BlackElo "2191"]
[Annotator "NA"]
[PlyCount "172"]
[EventDate "2019.12.08"]
[EventType "swiss"]
[EventCountry "ENG"]
[SourceTitle "playchess.com"]
[Source "ChessBase"]
[SourceQuality "1"]
[TimeControl "180+2"]

1. e4 c5 2. Nc3 e6 3. g3 d5 4. Bg2 dxe4 5. Nxe4 Nc6 6. Ne2 Be7 7. O-O Nf6 8. d3 O-O 9. Be3 Nxe4 10. dxe4 Qc7 11. c3 b6 12. Qc2 Bb7 13. f4 Rfd8 14. Rad1 Na5 15. Rxd8+ Rxd8 16. Rd1 Nc4 17. Bc1 b5 18. b3 Nb6 19. Be3 Rc8 20. Rd2 Bc6 21. Qd1 Qb7 22. Qc2 a5 23. Nc1 a4 24. Nd3 axb3 25. axb3 c4 26. Nf2 cxb3 27. Qxb3 Nc4 28. Re2 Nxe3 29. Rxe3 Bc5 30. Re2 Rd8 31. Qc2 Qd7 32. h3 f5 33. Kh2 g6 34. exf5 exf5 35. Bxc6 Qxc6 36. Nd3 Bf8 37. Ne5 Qd5 38. Qa2 Qxa2 39. Rxa2 Rc8 40. c4 bxc4 41. Rc2 c3 42. Kg2 Bb4 43. Nd3 Ba5 44. Kf3 Rd8 45. Ke2 Re8+ 46. Ne5 g5 47. Kd3 gxf4 48. gxf4 Kg7 49. Rg2+ Kf6 50. Ra2 Rd8+ 51. Kc4 Bc7 52. Ra6+ Rd6 53. Rxd6+ Bxd6 54. Nd3 c2 55. Kc3 Ke6 56. Kxc2 Kd5 57. Kd2 Ke4 58. Ke2 Bxf4 59. Nf2+ Kd5 60. Kf3 Bd6 61. Nd3 Ke6 62. Ne1 Kf6 63. Ng2 Kg5 64. Ne3 Bc5 65. Ng2 Ba7 66. Kg3 Bb8+ 67. Kf3 Bc7 68. Ne3 f4 69. Nd5 Bb8 70. Nc3 Kh4 71. Kg2 Kg5 72. Kf3 Kf5 73. Ne2 Be5 74. Nc1 Ke6 75. Ke4 Bb8 76. Nd3 Kf6 77. Nxf4 Kg5 78. Ng2 Bc7 79. Kf3 h5 80. Kf2 Kf5 81. Kf3 Bh2 82. Nh4+ Kg5 83. Ng2 Bc7 84. Kf2 h4 85. Nxh4 Kxh4 86. Kf3 Kxh3 1/2-1/2

[Event "11th LCC Super Blitz 2019"]
[Site "London"]
[Date "2019.12.08"]
[Round "2.9"]
[White "Royal, Shreyas"]
[Black "Patel, Rishi"]
[Result "1-0"]
[ECO "E16"]
[WhiteElo "1941"]
[BlackElo "1899"]
[Annotator "NA"]
[PlyCount "71"]
[EventDate "2019.12.08"]
[EventType "swiss"]
[EventCountry "ENG"]
[SourceTitle "playchess.com"]
[Source "ChessBase"]
[SourceQuality "1"]
[TimeControl "180+2"]

1. d4 Nf6 2. c4 e6 3. g3 d5 4. Bg2 b6 5. cxd5 exd5 6. Nf3 Bb7 7. O-O Bd6 8. Qc2 O-O 9. Nc3 Nbd7 10. Bg5 h6 11. Bd2 Rc8 12. Rac1 c5 13. Rfd1 Re8 14. Qb1 Nf8 15. e3 Ne6 16. Nb5 Bb8 17. Be1 Qe7 18. Nc3 Red8 19. Ne2 Ne4 20. Nd2 f5 21. Nxe4 fxe4 22. dxc5 bxc5 23. Ba5 Rd7 24. b4 Bc7 25. Bxc7 Rdxc7 26. bxc5 Nxc5 27. Nf4 Qd7 28. Bh3 Qf7 29. Rxc5 Rxc5 30. Be6 Ba6 31. Bxf7+ Kxf7 32. Qb3 Bc4 33. Qb2 R8c7 34. Qe5 Bxa2 35. Qe6+ Kf8 36. Ng6# 1-0

[Event "11th LCC Super Blitz 2019"]
[Site "London"]
[Date "2019.12.08"]
[Round "2.9"]
[White "Saidmurodov, Shahjahon"]
[Black "Joslin, Tim"]
[Result "0-1"]
[ECO "A45"]
[WhiteElo "1812"]
[BlackElo "1822"]
[Annotator "NA"]
[PlyCount "44"]
[EventDate "2019.12.08"]
[EventType "swiss"]
[EventCountry "ENG"]
[SourceTitle "playchess.com"]
[Source "ChessBase"]
[SourceQuality "1"]
[TimeControl "180+2"]

1. d4 Nf6 2. Bf4 c5 3. c3 Qb6 4. Qd2 cxd4 5. cxd4 Nc6 6. e3 e6 7. Bd3 Be7 8. Nc3 a6 9. Nf3 O-O 10. a3 h6 11. O-O Re8 12. Rac1 d6 13. b4 Bf8 14. Bb1 e5 15. Bg3 Bg4 16. d5 Ne7 17. Ne1 a5 18. b5 Rac8 19. Kh1 Rc5 20. f3 Bh5 21. Na4 Qxb5 22. Nxc5 Qxf1# 0-1

[Event "11th LCC Super Blitz 2019"]
[Site "London"]
[Date "2019.12.08"]
[Round "2.9"]
[White "Davis, Holden"]
[Black "Sheikh, Anum"]
[Result "1-0"]
[ECO "B22"]
[WhiteElo "1769"]
[BlackElo "1560"]
[Annotator "NA"]
[PlyCount "28"]
[EventDate "2019.12.08"]
[EventType "swiss"]
[EventCountry "ENG"]
[SourceTitle "playchess.com"]
[Source "ChessBase"]
[SourceQuality "1"]
[TimeControl "180+2"]

1. e4 c5 2. d4 cxd4 3. c3 d5 4. exd5 Qxd5 5. cxd4 Nc6 6. Nf3 e5 7. Nc3 Bb4 8. Bd2 Bxc3 9. Bxc3 e4 10. Ne5 Nxe5 11. dxe5 Be6 12. Qe2 Ne7 13. Rd1 Qc6 14. Rd6 Qa4 1-0

[Event "11th LCC Super Blitz 2019"]
[Site "London"]
[Date "2019.12.08"]
[Round "2.10"]
[White "Eames, Robert S"]
[Black "Vaidya, Raghav"]
[Result "1-0"]
[ECO "B33"]
[WhiteElo "2166"]
[BlackElo "1467"]
[Annotator "NA"]
[PlyCount "58"]
[EventDate "2019.12.08"]
[EventType "swiss"]
[EventCountry "ENG"]
[SourceTitle "playchess.com"]
[Source "ChessBase"]
[SourceQuality "1"]
[TimeControl "180+2"]

1. e4 c5 2. Nf3 Nc6 3. d4 cxd4 4. Nxd4 Nf6 5. Nc3 e5 6. Ndb5 d6 7. Bg5 a6 8. Na3 b5 9. Bxf6 gxf6 10. Nd5 f5 11. Bd3 f4 12. c3 Be6 13. Nc2 Bxd5 14. exd5 Nb8 15. a4 bxa4 16. Rxa4 Qc8 17. Nb4 a5 18. Bb5+ Nd7 19. Nc6 Qb7 20. c4 Qb6 21. O-O Bg7 22. Qg4 Rg8 23. Rfa1 Nf6 24. Qf5 Kf8 25. Rxa5 Rxa5 26. Rxa5 Qb7 27. Ra7 Qb6 28. Ra8+ Ne8 29. Nxe5 Qb7 1-0

[Event "11th LCC Super Blitz 2019"]
[Site "London"]
[Date "2019.12.08"]
[Round "2.10"]
[White "Sandhu, Manvith"]
[Black "Dhemrait, Jagdeep"]
[Result "1/2-1/2"]
[ECO "B31"]
[WhiteElo "1673"]
[BlackElo "1834"]
[Annotator "NA"]
[PlyCount "81"]
[EventDate "2019.12.08"]
[EventType "swiss"]
[EventCountry "ENG"]
[SourceTitle "playchess.com"]
[Source "ChessBase"]
[SourceQuality "1"]
[TimeControl "180+2"]

1. e4 c5 2. Nf3 Nc6 3. Bb5 g6 4. c3 Bg7 5. d4 cxd4 6. cxd4 d5 7. e5 e6 8. Bxc6+ bxc6 9. O-O a5 10. Nbd2 Ne7 11. Qc2 O-O 12. b3 Ba6 13. Rd1 Qb6 14. Ba3 Rfe8 15. Rac1 Rac8 16. Bc5 Qb7 17. Qc3 Rc7 18. Qxa5 Ra8 19. Bd6 Rd7 20. Qc5 Bf8 21. Rc2 Bd3 22. Rc3 Be2 23. Ra1 Ra6 24. a4 Bh6 25. Re1 Bxf3 26. Nxf3 Nc8 27. Re2 Nxd6 28. exd6 Bf8 29. Ne5 Bxd6 30. Nxd7 Bxc5 31. Nxc5 Qb4 32. Rec2 Qxd4 33. g3 Ra8 34. Nd7 Ra7 35. Nc5 Qb4 36. Nd3 Qe4 37. Nc5 Qe5 38. Nd3 Qe4 39. Nc5 Qe5 40. Nd3 Qe4 41. Nc5 1/2-1/2

[Event "11th LCC Super Blitz 2019"]
[Site "London"]
[Date "2019.12.08"]
[Round "2.11"]
[White "Watson, Steven L"]
[Black "Muhunthan, Charukgan"]
[Result "0-1"]
[ECO "B77"]
[WhiteElo "1634"]
[BlackElo "1401"]
[Annotator "NA"]
[PlyCount "69"]
[EventDate "2019.12.08"]
[EventType "swiss"]
[EventCountry "ENG"]
[SourceTitle "playchess.com"]
[Source "ChessBase"]
[SourceQuality "1"]
[TimeControl "180+2"]

1. e4 c5 2. Nf3 d6 3. d4 cxd4 4. Nxd4 Nf6 5. Nc3 g6 6. Be3 Bg7 7. f3 Bd7 8. Bc4 Nc6 9. Qd2 O-O 10. O-O-O a6 11. Bb3 Rc8 12. h4 h5 13. Rdg1 Ne5 14. f4 Neg4 15. f5 b5 16. fxg6 Be6 17. gxf7+ Bxf7 18. Bd5 b4 19. Nce2 Qa5 20. Kb1 Bxd5 21. exd5 Ne4 22. Qc1 Rb8 23. Nb3 Qc7 24. Ned4 Qc8 25. Rf1 Qd7 26. Ne6 Rxf1 27. Rxf1 Bf6 28. Rf5 Ng3 29. Bg5 Nxf5 30. Bxf6 exf6 31. Qf4 Ng7 32. Qf3 Nxe6 33. dxe6 Qxe6 34. Qd1 a5 35. Nd4 0-1

[Event "11th LCC Super Blitz 2019"]
[Site "London"]
[Date "2019.12.08"]
[Round "2.11"]
[White "Caceres De La Calle, Eduardo"]
[Black "Watson, Mikey J"]
[Result "1/2-1/2"]
[ECO "A21"]
[WhiteElo "1575"]
[BlackElo "1748"]
[Annotator "NA"]
[PlyCount "102"]
[EventDate "2019.12.08"]
[EventType "swiss"]
[EventCountry "ENG"]
[SourceTitle "playchess.com"]
[Source "ChessBase"]
[SourceQuality "1"]
[TimeControl "180+2"]

1. c4 e5 2. Nc3 f5 3. g3 Nf6 4. Bg2 Be7 5. e3 c6 6. Nge2 O-O 7. O-O Kh8 8. d3 d5 9. cxd5 cxd5 10. Qb3 e4 11. dxe4 dxe4 12. Rd1 Qc7 13. Nf4 Nc6 14. Bd2 Qe5 15. Nce2 Na5 16. Qc2 Bd7 17. Bc3 Qc7 18. Rac1 Rac8 19. Qb1 Nc6 20. Nd4 Qb6 21. Nxc6 Bxc6 22. Bd4 Qa6 23. Bf1 Bb5 24. Bxb5 Qxb5 25. a3 Rfd8 26. Rxc8 Rxc8 27. Rc1 Qd7 28. Rxc8+ Qxc8 29. Bxa7 Bd6 30. Bd4 Bxf4 31. Bxf6 Bd6 32. Bd4 Qc4 33. b3 Qc6 34. Qb2 Bf8 35. a4 Kg8 36. Qc3 Qxc3 37. Bxc3 Kf7 38. Kf1 g6 39. h4 Ke6 40. Ke2 Kd5 41. Kd2 Bd6 42. Kc2 Kc6 43. Bd4 b5 44. axb5+ Kxb5 45. Bb2 Bb4 46. Bc3 Bd6 47. Be1 Be5 48. Bd2 Kc5 49. Be1 Kb5 50. Bd2 Kc5 51. Be1 Kb5 1/2-1/2

[Event "11th LCC Super Blitz 2019"]
[Site "London"]
[Date "2019.12.08"]
[Round "2.11"]
[White "Manmay Chopra"]
[Black "Mohnblatt, Nicolas"]
[Result "0-1"]
[ECO "E51"]
[WhiteElo "1354"]
[BlackElo "1689"]
[Annotator "NA"]
[PlyCount "24"]
[EventDate "2019.12.08"]
[EventType "swiss"]
[EventCountry "ENG"]
[SourceTitle "playchess.com"]
[Source "ChessBase"]
[SourceQuality "1"]
[TimeControl "180+2"]

1. d4 Nf6 2. Nf3 d5 3. c4 e6 4. Nc3 Bb4 5. a3 Bxc3+ 6. bxc3 O-O 7. e3 Nbd7 8. Bd3 a6 9. cxd5 exd5 10. c4 dxc4 11. Bxc4 b5 12. Bd3 Bb7 0-1

[Event "11th LCC Super Blitz 2019"]
[Site "London"]
[Date "2019.12.08"]
[Round "2.12"]
[White "Van Zyl-Rudd, Jack"]
[Black "Neo, Jing Yi Mischa"]
[Result "1-0"]
[ECO "B50"]
[WhiteElo "2290"]
[BlackElo "1240"]
[Annotator "NA"]
[PlyCount "49"]
[EventDate "2019.12.08"]
[EventType "swiss"]
[EventCountry "ENG"]
[SourceTitle "playchess.com"]
[Source "ChessBase"]
[SourceQuality "1"]
[TimeControl "180+2"]

1. e4 c5 2. Nf3 d6 3. Nc3 g6 4. d4 cxd4 5. Qxd4 Nf6 6. e5 dxe5 7. Qxd8+ Kxd8 8. Nxe5 Ke8 9. Bg5 Bg7 10. O-O-O Bf5 11. Bc4 e6 12. Nb5 Na6 13. Nd6+ Ke7 14. Ndxf7 Kf8 15. Nxh8 Bxh8 16. Bxf6 Bxf6 17. Nd7+ Kf7 18. Nxf6 Kxf6 19. Bxa6 bxa6 20. f3 Rc8 21. Rd2 a5 22. g4 Bxg4 23. fxg4 e5 24. Rf1+ Ke6 25. g5 1-0

[Event "11th LCC Super Blitz 2019"]
[Site "London"]
[Date "2019.12.08"]
[Round "2.12"]
[White "Manmay Chopra"]
[Black "Mohnblatt, Nicolas"]
[Result "0-1"]
[ECO "E51"]
[WhiteElo "1354"]
[BlackElo "1689"]
[Annotator "NA"]
[PlyCount "74"]
[EventDate "2019.12.08"]
[EventType "swiss"]
[EventCountry "ENG"]
[SourceTitle "playchess.com"]
[Source "ChessBase"]
[SourceQuality "1"]
[TimeControl "180+2"]

1. d4 Nf6 2. Nf3 d5 3. c4 e6 4. Nc3 Bb4 5. a3 Bxc3+ 6. bxc3 O-O 7. e3 Nbd7 8. Bd3 a6 9. cxd5 exd5 10. c4 dxc4 11. Bxc4 b5 12. Bd3 Bb7 13. O-O c5 14. Bb2 c4 15. Be2 Rc8 16. Bc3 Ne4 17. Qc2 Ndf6 18. Nd2 Re8 19. Nxe4 Nxe4 20. Bf3 Qg5 21. Be1 Ba8 22. Rc1 h5 23. Qe2 h4 24. Bxe4 Bxe4 25. f4 Qh6 26. Qf2 Bd3 27. Bd2 Bxf1 28. Qxf1 Qc6 29. Qf2 Qh6 30. f5 h3 31. e4 Qc6 32. d5 Qc5 33. Be3 Qxa3 34. gxh3 Rxe4 35. Re1 Rce8 36. Bd2 Rxe1+ 37. Bxe1 Qxh3 0-1

[Event "11th LCC Super Blitz 2019"]
[Site "London"]
[Date "2019.12.08"]
[Round "2.13"]
[White "Jackson, Julius"]
[Black "Ball, Charlie J"]
[Result "0-1"]
[ECO "C41"]
[WhiteElo "1584"]
[BlackElo "1249"]
[Annotator "NA"]
[PlyCount "62"]
[EventDate "2019.12.08"]
[EventType "swiss"]
[EventCountry "ENG"]
[SourceTitle "playchess.com"]
[Source "ChessBase"]
[SourceQuality "1"]
[TimeControl "180+2"]

1. e4 d6 2. d4 Nf6 3. Nc3 Nbd7 4. Nf3 e5 5. Bc4 h6 6. Be3 Be7 7. O-O c6 8. Qd2 Qc7 9. Rad1 Nf8 10. Rfe1 Bg4 11. Be2 g5 12. h3 Bd7 13. dxe5 dxe5 14. Bc4 Ng6 15. Qd3 g4 16. hxg4 Nxg4 17. Ne2 h5 18. Bg5 h4 19. Bxe7 Kxe7 20. Ng5 Raf8 21. Bxf7 Rh5 22. Bxg6 Rxg5 23. Bf5 Bxf5 24. exf5 Rgxf5 25. f3 Nf2 26. Kxf2 h3 27. gxh3 Qb6+ 28. Qe3 Rxf3+ 29. Kg1 Qxe3+ 30. Kg2 Qf2+ 31. Kh1 Rxh3# 0-1

[Event "11th LCC Super Blitz 2019"]
[Site "London"]
[Date "2019.12.08"]
[Round "2.13"]
[White "Fisher, Neal"]
[Black "Tombolis, Christopher"]
[Result "1/2-1/2"]
[ECO "D02"]
[WhiteElo "1522"]
[BlackElo "1655"]
[Annotator "NA"]
[PlyCount "128"]
[EventDate "2019.12.08"]
[EventType "swiss"]
[EventCountry "ENG"]
[SourceTitle "playchess.com"]
[Source "ChessBase"]
[SourceQuality "1"]
[TimeControl "180+2"]

1. d4 d5 2. Bf4 Nf6 3. Nf3 c5 4. e3 Nc6 5. c3 Qb6 6. Qb3 c4 7. Qc2 Bf5 8. Qc1 e6 9. Nbd2 Be7 10. Be2 O-O 11. Nh4 Bg6 12. Nxg6 hxg6 13. h4 Nh5 14. Bxh5 gxh5 15. Rh3 Qd8 16. Qd1 g6 17. Nf3 Bf6 18. Bg5 Bxg5 19. Nxg5 e5 20. g4 hxg4 21. Qxg4 Qc8 22. Qxc8 Raxc8 23. h5 gxh5 24. Rxh5 f6 25. Ne6 Rfe8 26. Nc5 b6 27. Na4 exd4 28. O-O-O Ne5 29. Rg1+ Kf7 30. cxd4 Nd3+ 31. Kd2 Rg8 32. Rh7+ Ke6 33. Rxg8 Rxg8 34. Rxa7 Rg2 35. Nc3 Rxf2+ 36. Ne2 Nxb2 37. Ra6 c3+ 38. Kxc3 Rxe2 39. Rxb6+ Kf5 40. Rxb2 Rxe3+ 41. Kb4 Rd3 42. Kc5 Ke4 43. Re2+ Kf3 44. Re6 Ra3 45. Rxf6+ Ke4 46. Re6+ Kf5 47. Re5+ Kf6 48. Rxd5 Rxa2 49. Kc4 Ke6 50. Rb5 Rc2+ 51. Kd3 Rc7 52. Re5+ Kd6 53. Rh5 Rg7 54. Rh6+ Kd5 55. Rh5+ Kd6 56. Kc4 Rc7+ 57. Kd3 Rg7 58. Rh6+ Kd5 59. Rh5+ Kd6 60. Rh6+ Kd5 61. Rh5+ Kd6 62. Ke4 Rg4+ 63. Kd3 Rg7 64. Rh6+ Kd5 1/2-1/2

[Event "11th LCC Super Blitz 2019"]
[Site "London"]
[Date "2019.12.08"]
[Round "2.13"]
[White "Essis, Essoh Jean Mathieu C"]
[Black "Brass, Ezra"]
[Result "0-1"]
[ECO "A45"]
[WhiteElo "1438"]
[BlackElo "1628"]
[Annotator "NA"]
[PlyCount "26"]
[EventDate "2019.12.08"]
[EventType "swiss"]
[EventCountry "ENG"]
[SourceTitle "playchess.com"]
[Source "ChessBase"]
[SourceQuality "1"]
[TimeControl "180+2"]

1. d4 Nf6 2. Bf4 d6 3. Nd2 Nbd7 4. Ngf3 e6 5. e3 Be7 6. c3 b6 7. Bb5 Bb7 8. Qa4 a6 9. Bc6 Bxc6 10. Qxc6 O-O 11. O-O Ra7 12. a4 Qa8 13. Qxd7 Nxd7 0-1

[Event "11th LCC Super Blitz 2019"]
[Site "London"]
[Date "2019.12.08"]
[Round "2.15"]
[White "Pham, Catherine"]
[Black "Toh, Q Kane"]
[Result "0-1"]
[ECO "B13"]
[WhiteElo "1280"]
[BlackElo "1606"]
[Annotator "NA"]
[PlyCount "56"]
[EventDate "2019.12.08"]
[EventType "swiss"]
[EventCountry "ENG"]
[SourceTitle "playchess.com"]
[Source "ChessBase"]
[SourceQuality "1"]
[TimeControl "180+2"]

1. e4 c6 2. Nc3 d5 3. exd5 cxd5 4. Nf3 Nc6 5. d4 Bg4 6. Be3 e6 7. h3 Bh5 8. Be2 Nf6 9. O-O Be7 10. Qd2 O-O 11. a3 Rc8 12. Rac1 Na5 13. Ne5 Bxe2 14. Nxe2 Nc4 15. Nxc4 Rxc4 16. c3 Qc7 17. Qd3 b5 18. Ng3 a5 19. Qe2 Rc8 20. Qf3 Qd7 21. Nh5 Nxh5 22. Qxh5 g6 23. Qh6 Bf8 24. Qg5 b4 25. axb4 axb4 26. Bf4 bxc3 27. bxc3 Rxc3 28. Be5 Bg7 0-1

[Event "11th LCC Super Blitz 2019"]
[Site "London"]
[Date "2019.12.08"]
[Round "2.15"]
[White "Patel, Zain"]
[Black "Kirupakaran, Vishnu"]
[Result "1-0"]
[ECO "B92"]
[WhiteElo "1253"]
[BlackElo "1871"]
[Annotator "NA"]
[PlyCount "67"]
[EventDate "2019.12.08"]
[EventType "swiss"]
[EventCountry "ENG"]
[SourceTitle "playchess.com"]
[Source "ChessBase"]
[SourceQuality "1"]
[TimeControl "180+2"]

1. e4 c5 2. Nf3 d6 3. d4 cxd4 4. Nxd4 Nf6 5. Nc3 a6 6. Be3 e5 7. Nb3 Be7 8. f3 Be6 9. Qd2 O-O 10. O-O-O Nbd7 11. Be2 b5 12. a3 Rc8 13. Kb1 Nb6 14. h4 Nc4 15. Bxc4 Bxc4 16. h5 a5 17. g4 Ra8 18. g5 Nd7 19. g6 b4 20. Nd5 Bxb3 21. cxb3 bxa3 22. gxh7+ Kh8 23. Rhg1 Nc5 24. h6 g6 25. Bxc5 dxc5 26. Nxe7 Qxe7 27. bxa3 Rfb8 28. Kb2 Qb7 29. Qc3 Qc7 30. f4 Kxh7 31. fxe5 a4 32. b4 Qe7 33. e6 cxb4 34. Qg7# 1-0

[Event "11th LCC Super Blitz 2019"]
[Site "London"]
[Date "2019.12.08"]
[Round "3.1"]
[White "Howell, David Wl"]
[Black "Beinoras, Mindaugas"]
[Result "1-0"]
[ECO "A28"]
[WhiteElo "2650"]
[BlackElo "2401"]
[Annotator "ChessBase"]
[PlyCount "85"]
[EventDate "2019.12.08"]
[EventType "swiss"]
[EventCountry "ENG"]
[SourceTitle "playchess.com"]
[Source "ChessBase"]
[SourceQuality "1"]
[TimeControl "180+2"]

1. c4 e5 2. Nc3 Nf6 3. Nf3 Nc6 4. e3 Bb4 5. Qc2 O-O 6. Nd5 a5 7. a3 Bc5 8. Ng5 g6 9. h4 Be7 10. b3 d6 11. Nxe7+ Qxe7 12. Bb2 Bf5 13. d3 h6 14. Nf3 Bg4 15. Nd2 d5 16. cxd5 Nxd5 17. Ne4 Rad8 18. Qc5 Qe6 19. Rc1 f5 20. Nd2 Nb6 21. Qc3 Kh7 22. f3 Bh5 23. Nc4 Nd5 24. Qd2 e4 25. Kf2 f4 26. dxe4 Qxe4 27. fxe4 fxe3+ 28. Kg1 exd2 29. Nxd2 Nf4 30. Bc3 Nd3 31. Bxd3 Rxd3 32. Rh3 Rxh3 33. gxh3 Be2 34. Kg2 Bd3 35. Kg3 h5 36. Nf3 Kh6 37. Ng5 Re8 38. Rd1 Bc2 39. Rd2 Bxb3 40. Bf6 Bg8 41. Kf4 Na7 42. Rd7 Nb5 43. Bg7# 1-0

[Event "11th LCC Super Blitz 2019"]
[Site "London"]
[Date "2019.12.08"]
[Round "3.2"]
[White "Rowson, Jonathan"]
[Black "Stepanyan, Henrik"]
[Result "1/2-1/2"]
[ECO "D00"]
[WhiteElo "2561"]
[BlackElo "2193"]
[Annotator "ChessBase"]
[PlyCount "75"]
[EventDate "2019.12.08"]
[EventType "swiss"]
[EventCountry "ENG"]
[SourceTitle "playchess.com"]
[Source "ChessBase"]
[SourceQuality "1"]
[TimeControl "180+2"]

1. d4 d5 2. Bf4 Nf6 3. e3 c5 4. c3 Nc6 5. Nd2 Qb6 6. Qb3 c4 7. Qc2 g6 8. b3 Bf5 9. Qb2 cxb3 10. axb3 Bg7 11. Ngf3 O-O 12. Be2 Rfc8 13. O-O Ne4 14. Nxe4 Bxe4 15. Bg3 a6 16. Rfc1 Qd8 17. b4 Bxf3 18. Bxf3 e5 19. b5 axb5 20. Qxb5 e4 21. Bg4 f5 22. Bd1 Na5 23. h4 b6 24. Bb3 Nxb3 25. Qxb3 Bf8 26. Rxa8 Rxa8 27. Bc7 Qd7 28. Qxb6 Rc8 29. Be5 Qc6 30. Qxc6 Rxc6 31. Kf1 Bb4 32. Rb1 Bxc3 33. Rc1 Kf7 34. f3 Ke6 35. Ke2 Kd7 36. fxe4 fxe4 37. g4 Ba5 38. Rxc6 1/2-1/2

[Event "11th LCC Super Blitz 2019"]
[Site "London"]
[Date "2019.12.08"]
[Round "3.2"]
[White "Balaji, Aaravamudhan"]
[Black "Aravindh, Chithambaram Vr"]
[Result "0-1"]
[ECO "D26"]
[WhiteElo "2120"]
[BlackElo "2560"]
[Annotator "ChessBase"]
[PlyCount "57"]
[EventDate "2019.12.08"]
[EventType "swiss"]
[EventCountry "ENG"]
[SourceTitle "playchess.com"]
[Source "ChessBase"]
[SourceQuality "1"]
[TimeControl "180+2"]

1. d4 Nf6 2. c4 e6 3. Nc3 d5 4. Nf3 a6 5. e3 b6 6. Be2 dxc4 7. Bxc4 b5 8. Bd3 Bb7 9. O-O Nbd7 10. Qc2 c5 11. b3 Rc8 12. a3 Bxf3 13. gxf3 cxd4 14. exd4 Nd5 15. Bd2 Bd6 16. f4 Bxf4 17. Bxf4 Nxf4 18. Be4 Rxc3 19. Qd2 Qg5+ 20. Kh1 Rh3 21. Rac1 O-O 22. f3 Nf6 23. Rg1 Qh6 24. Bb7 N6d5 25. Bxd5 Nxd5 26. Qxh6 Rxh6 27. Rc6 Rh4 28. Rd1 Ra8 29. Rdc1 0-1

[Event "11th LCC Super Blitz 2019"]
[Site "London"]
[Date "2019.12.08"]
[Round "3.2"]
[White "Rishi, Thariani"]
[Black "Pert, Nicholas"]
[Result "0-1"]
[ECO "B22"]
[WhiteElo "2008"]
[BlackElo "2560"]
[Annotator "ChessBase"]
[PlyCount "52"]
[EventDate "2019.12.08"]
[EventType "swiss"]
[EventCountry "ENG"]
[SourceTitle "playchess.com"]
[Source "ChessBase"]
[SourceQuality "1"]
[TimeControl "180+2"]

1. e4 c5 2. c3 Nf6 3. e5 Nd5 4. d4 cxd4 5. Nf3 Nc6 6. cxd4 d6 7. Bc4 dxe5 8. dxe5 Ndb4 9. Qb3 e6 10. O-O Bd7 11. Bb5 a6 12. Bxc6 Bxc6 13. a3 Qd3 14. Qxd3 Nxd3 15. Nd4 Nxe5 16. Bf4 Nd3 17. Be3 Be7 18. b4 O-O 19. Rd1 Ne5 20. Nd2 Rac8 21. Rac1 Bd5 22. N2b3 Nc4 23. Ra1 Nxe3 24. fxe3 Rc3 25. Na5 b6 26. Ne2 Rxe3 0-1

[Event "11th LCC Super Blitz 2019"]
[Site "London"]
[Date "2019.12.08"]
[Round "3.3"]
[White "Grover, Sahaj"]
[Black "Roberson, Peter T"]
[Result "1-0"]
[ECO "C11"]
[WhiteElo "2486"]
[BlackElo "2282"]
[Annotator "ChessBase"]
[PlyCount "87"]
[EventDate "2019.12.08"]
[EventType "swiss"]
[EventCountry "ENG"]
[SourceTitle "playchess.com"]
[Source "ChessBase"]
[SourceQuality "1"]
[TimeControl "180+2"]

1. e4 e6 2. d4 d5 3. Nc3 Nf6 4. e5 Nfd7 5. f4 c5 6. Nf3 Nc6 7. Be3 a6 8. Qd2 Be7 9. Be2 b5 10. dxc5 Nxc5 11. Nd4 Bb7 12. Nxc6 Bxc6 13. Bd4 b4 14. Nd1 Ne4 15. Qe3 f5 16. exf6 Bxf6 17. Nf2 O-O 18. Bxf6 Qxf6 19. Nd3 Bb5 20. O-O Rac8 21. Rac1 Bxd3 22. cxd3 Nd6 23. Bg4 Nf5 24. Bxf5 exf5 25. Rf2 Rxc1+ 26. Qxc1 Qd4 27. Qc2 Re8 28. Kf1 Qe3 29. Qd2 Qd4 30. Qc2 h6 31. g3 a5 32. Kg2 Kh7 33. Qc6 Re3 34. Qb5 Rxd3 35. Qxa5 Qe4+ 36. Kh3 Qe3 37. Qb5 Rd4 38. Rc2 Qe4 39. Qe2 Qxe2 40. Rxe2 Kg6 41. Kg2 Re4 42. Rd2 d4 43. Kf3 Kf6 44. Re2 1-0

[Event "11th LCC Super Blitz 2019"]
[Site "London"]
[Date "2019.12.08"]
[Round "3.3"]
[White "Arkell, Keith C"]
[Black "Ratnesan, Ranesh"]
[Result "1/2-1/2"]
[ECO "D23"]
[WhiteElo "2453"]
[BlackElo "2213"]
[Annotator "ChessBase"]
[PlyCount "116"]
[EventDate "2019.12.08"]
[EventType "swiss"]
[EventCountry "ENG"]
[SourceTitle "playchess.com"]
[Source "ChessBase"]
[SourceQuality "1"]
[TimeControl "180+2"]

1. d4 d5 2. Nf3 Nf6 3. c4 c6 4. Qc2 dxc4 5. Qxc4 Bf5 6. Nc3 e6 7. g3 Be7 8. Bg2 Nbd7 9. O-O O-O 10. Bg5 h6 11. Bxf6 Nxf6 12. Qb3 Qb6 13. e3 Qxb3 14. axb3 a6 15. Rfc1 Rac8 16. Na4 Be4 17. Ne5 Rfd8 18. h4 Bb4 19. Bxe4 Nxe4 20. Nd3 Be7 21. b4 g5 22. hxg5 hxg5 23. Nac5 Nd6 24. Ne5 Kg7 25. Kg2 Rh8 26. b3 Rh7 27. Nc4 Rc7 28. g4 Nb5 29. Ne5 Bxc5 30. bxc5 f6 31. Nc4 Kg6 32. Rh1 Rxh1 33. Rxh1 Kg7 34. Kf3 Nc3 35. Rc1 Nd5 36. Nd6 Rd7 37. Rh1 b5 38. Ra1 Ra7 39. Nc8 Ra8 40. Nb6 Ra7 41. e4 Nb4 42. Ra5 Nc2 43. d5 exd5 44. exd5 cxd5 45. Nxd5 Nd4+ 46. Ke4 Nxb3 47. Ra2 Nxc5+ 48. Kd4 Ne6+ 49. Ke4 Nc5+ 50. Kd4 Nb7 51. Nc7 Nd6 52. Nxa6 Kg6 53. f3 f5 54. Kc5 Nf7 55. Kb6 Re7 56. Nc5 fxg4 57. fxg4 Ne5 58. Rg2 Nd7+ 1/2-1/2

[Event "11th LCC Super Blitz 2019"]
[Site "London"]
[Date "2019.12.08"]
[Round "3.4"]
[White "Wallace, John Paul"]
[Black "Royal, Shreyas"]
[Result "0-1"]
[ECO "D31"]
[WhiteElo "2344"]
[BlackElo "1941"]
[Annotator "NA"]
[PlyCount "61"]
[EventDate "2019.12.08"]
[EventType "swiss"]
[EventCountry "ENG"]
[SourceTitle "playchess.com"]
[Source "ChessBase"]
[SourceQuality "1"]
[TimeControl "180+2"]

1. d4 d5 2. c4 e6 3. Nc3 Be7 4. cxd5 exd5 5. Bf4 c6 6. e3 Bf5 7. Nge2 Nf6 8. Ng3 Bg6 9. Bd3 Bxd3 10. Qxd3 Nbd7 11. O-O O-O 12. f3 Re8 13. Rad1 b5 14. e4 b4 15. Nce2 dxe4 16. fxe4 c5 17. Nf5 Bf8 18. Qg3 Kh8 19. e5 Nh5 20. Qh3 Nxf4 21. Rxf4 Nxe5 22. d5 Ng6 23. Rf2 c4 24. Kf1 Bc5 25. Rf3 Qg5 26. d6 Rxe2 27. Kxe2 Nf4+ 28. Rxf4 Qxf4 29. Qf3 Re8+ 30. Kf1 Qxh2 31. Ne7 0-1

[Event "11th LCC Super Blitz 2019"]
[Site "London"]
[Date "2019.12.08"]
[Round "3.4"]
[White "Joslin, Tim"]
[Black "Mortazavi, Ali"]
[Result "0-1"]
[ECO "B14"]
[WhiteElo "1822"]
[BlackElo "2333"]
[Annotator "NA"]
[PlyCount "50"]
[EventDate "2019.12.08"]
[EventType "swiss"]
[EventCountry "ENG"]
[SourceTitle "playchess.com"]
[Source "ChessBase"]
[SourceQuality "1"]
[TimeControl "180+2"]

1. e4 c6 2. d4 d5 3. exd5 cxd5 4. c4 Nf6 5. Nc3 g6 6. Be3 Bg7 7. Qd2 O-O 8. Nf3 Nc6 9. Bh6 Ne4 10. Nxe4 dxe4 11. Bxg7 Kxg7 12. d5 exf3 13. dxc6 Qxd2+ 14. Kxd2 Rd8+ 15. Kc2 Bf5+ 16. Kc3 fxg2 17. Bxg2 Rd3+ 18. Kb4 bxc6 19. Bxc6 Rb8+ 20. Ka4 Rd6 21. Bb5 a6 22. Rhe1 Kf6 23. a3 Bd3 24. b4 axb5+ 25. cxb5 Bc2+ 0-1